 Dungeon Crawl Stone Soup version 0.22.1-1-ga44c0e5 (webtiles) character file.

242 Goblin1989 the Ducker (level 6, -4/50 HPs)
             Began as a Gnoll Gladiator on Oct 15, 2018.
             Was a Believer of Sif Muna.
             Splashed by a crimson imp's acid (13 damage)
             ... on level 3 of the Dungeon.
             The game lasted 00:07:46 (2670 turns).

Goblin1989 the Ducker (Gnoll Gladiator)             Turns: 2670, Time: 00:07:47

Health: -4/50      AC:  3    Str: 18    XL:     6   Next: 9%
Magic:  8/8        EV: 12    Int: 11    God:    Sif Muna [**....]
Gold:   97         SH:  8    Dex: 16    Spells: 8/8 levels left

rFire    . . .     SeeInvis .   a - +0 war axe
rCold    . . .     Gourm    .   L - +0 shield
rNeg     . . .     Faith    .   J - +0 ring mail
rPois    .         Spirit   .   c - +0 helmet
rElec    .         Reflect  .   (no cloak)
rCorr    .         Harm     .   O - +0 pair of gloves
MR       .....                  (no boots)
Stlth    +.........             (no amulet)
HPRegen  0.16/turn              (no ring)
MPRegen  0.11/turn              (no ring)

@: lethally poisoned (-4 -> -8), corroded
A: distributed training, fangs 1, strong nose
a: Divine Energy, Renounce Religion


You were on level 3 of the Dungeon.
You worshipped Sif Muna.
Sif Muna was pleased with you.
You were hungry.

You visited 1 branch of the dungeon, and saw 3 of its levels.

You collected 97 gold pieces.

Inventory:

Hand Weapons
 a - a +0 war axe (weapon)
 N - a +0 hunting sling
Missiles
 I - 4 javelins {@Q2}
 Q - 28 arrows
 S - 30 bolts
 T - 73 stones {@Q3}
 Z - 3 throwing nets (quivered) {!d , @Q1}
Armour
 c - a +0 helmet (worn)
 J - a +0 ring mail (worn)
 L - a +0 shield (worn)
 O - a +0 pair of gloves (worn)
Scrolls
 G - a scroll of enchant weapon {unknown}
 H - a scroll of fog {unknown}
 M - a scroll of identify {unknown}
 P - a scroll of random uselessness {unknown}
 U - a scroll of magic mapping {unknown}
 W - a scroll of noise {unknown}
 X - a scroll of enchant armour {unknown}
Potions
 K - a potion of heal wounds {unknown}
 V - 2 potions of mutation {unknown}
 Y - a potion of magic {unknown}
Comestibles
 e - 4 rations


   Skills:
 + Level 4.9 Fighting
 + Level 1.7 Short Blades
 + Level 1.7 Long Blades
 + Level 6.7 Axes
 + Level 1.7 Maces & Flails
 + Level 1.7 Polearms
 + Level 1.7 Staves
 + Level 1.7 Slings
 + Level 1.7 Bows
 + Level 1.7 Crossbows
 + Level 4.9 Throwing
 + Level 1.7 Armour
 + Level 6.7 Dodging
 + Level 1.7 Stealth
 + Level 1.7 Shields
 + Level 1.7 Unarmed Combat
 + Level 1.7 Spellcasting
 + Level 1.3 Conjurations
 + Level 1.3 Hexes
 + Level 1.3 Charms
 + Level 1.3 Summonings
 + Level 1.3 Necromancy
 + Level 1.3 Translocations
 + Level 1.3 Transmutations
 + Level 1.3 Fire Magic
 + Level 1.3 Ice Magic
 + Level 1.3 Air Magic
 + Level 1.3 Earth Magic
 + Level 1.3 Poison Magic
 + Level 2.0 Invocations
 + Level 1.7 Evocations


You had 8 spell levels left.
You didn't know any spells.
Your spell library was empty.

Dungeon Overview and Level Annotations

Branches:
Dungeon (3/15)

Altars:
Sif Muna
Trog
Xom
Zin
The Shining One


Innate Abilities, Weirdness & Mutations

Your experience applies equally to all skills.
You have very sharp teeth.
Your uncanny sense of smell can sniff out nearby items.


Message History

The crimson imp hits you.
The crimson imp hits you but does no damage.
You take 4 damage, and have 39/43 hp.
You miss the crimson imp. You block the crimson imp's attack.
You are feeling hungry.
Your shield prevents you from hitting the crimson imp.
The crimson imp hits you.
You completely miss the crimson imp.
The crimson imp sputters.
The crimson imp misses you.
You closely miss the crimson imp.
You bite the crimson imp, but do no damage.
The crimson imp hits you but does no damage.
You block the crimson imp's attack.
You slash the crimson imp!
The crimson imp is severely wounded.
The crimson imp misses you.
You miss the crimson imp.
The crimson imp is severely wounded.
The crimson imp barely misses you.
You miss the crimson imp. Your bite misses the crimson imp.
The crimson imp is severely wounded.
The crimson imp hits you but does no damage.
You closely miss the crimson imp.
The crimson imp is heavily wounded.
The crimson imp hits you but does no damage.
The crimson imp blinks!
You closely miss the crimson imp.
You bite the crimson imp, but do no damage.
The crimson imp is moderately wounded.
The crimson imp hits you but does no damage.
You closely miss the crimson imp.
The crimson imp is moderately wounded.
You block the crimson imp's attack.
You slash the crimson imp!
The crimson imp is severely wounded.
You block the crimson imp's attack.
You barely miss the crimson imp.
You bite the crimson imp, but do no damage.
The crimson imp is severely wounded.
You block the crimson imp's attack.
The crimson imp hits you but does no damage.
You closely miss the crimson imp.
The crimson imp is heavily wounded.
The crimson imp spits at you. The crimson imp misses you.
You barely miss the crimson imp.
The crimson imp is heavily wounded.
You block the crimson imp's attack.
You closely miss the crimson imp.
The crimson imp is moderately wounded.
The crimson imp blinks!
You closely miss the crimson imp.
The crimson imp is moderately wounded.
The crimson imp misses you.
You slash the crimson imp!
The crimson imp is severely wounded.
You block the crimson imp's attack.
You hit the crimson imp.
You kill the crimson imp!
Sif Muna accepts your kill.
Sif Muna is protecting you from the effects of miscast magic.
Your Invocations skill increases to level 2!
You have reached level 6!
Your experience leads to an increase in your attributes!
Increase (S)trength, (I)ntelligence, or (D)exterity?
You feel clever.
You regained 7 hp, and now have 48/50 hp.
MP restored: 8 Unknown command.
Key pressed, stopping explore.
Key pressed, stopping explore.
Things that are here:
a hand axe; a scale mail You see here a whip.
A crimson imp comes into view. It is wielding a dagger of chaos.
Health restored: 50 The crimson imp shouts!
You closely miss the crimson imp. You block the crimson imp's attack.
You slash the crimson imp!
You bite the crimson imp, but do no damage.
The crimson imp is heavily wounded.
The crimson imp hits you but does no damage.
You are poisoned.
You hit the crimson imp.
The crimson imp is heavily wounded.
You feel sick.
The crimson imp zaps a wand.
The bolt of acid hits you! The acid corrodes you!
You are splashed with acid!
The acid burns!
* * * LOW HITPOINT WARNING * * *
It is a wand of acid (7).
The crimson imp hits you with a dagger of chaos.
* * * LOW HITPOINT WARNING * * *
The crimson imp draws strength from your wounds!
You take 31 damage, and have 19/50 hp.
MASSIVE DAMAGE!!
You hit the crimson imp. Your bite misses the crimson imp.
The crimson imp is heavily wounded.
You feel sick.
The crimson imp zaps a wand.
The bolt of acid hits you!
* * * LOW HITPOINT WARNING * * *
You are splashed with acid!
The acid burns!
You die... █⌂███

███.████.
█.█...█ .
█.█.█.█ .██
█.█...█ ..█
████████.██.██
█.█
.........██.█
█.█
███████████.█
█5█ █.......█
█@█ █.███████
█.█ █.█ █.█
█.█ █.████ █.█
█....█ █.█
████.█ █.█ █.█
█.█ █.█ █.█
█.█


You could see a crimson imp.

Vanquished Creatures
  3 crimson imps (D:3)
  A howler monkey skeleton (D:3)
  2 adders
  2 oozes
  2 worms
  A dart slug (D:2)
  A leopard gecko (D:2)
  13 orcs (D:3)
  6 giant cockroaches
  8 goblins
  9 hobgoblins
  11 jackals
  7 bats
  4 frilled lizards
  6 kobolds
  2 rats
78 creatures vanquished.

Notes
Turn   | Place    | Note
-------+----------+-------------------------------------------
     0 | D:1      | Goblin1989 the Gnoll Gladiator began the quest for the Orb.
     0 | D:1      | Reached XP level 1. HP: 20/20 MP: 1/1
    22 | D:1      | Reached XP level 2. HP: 22/26 MP: 2/2
   363 | D:1      | Found a glowing golden altar of the Shining One.
   526 | D:1      | Reached XP level 3. HP: 31/31 MP: 3/3
   793 | D:2      | Found a bloodstained altar of Trog.
  1049 | D:2      | Reached skill level 1 in Invocations
  1169 | D:2      | Reached skill level 1 in Short Blades
  1169 | D:2      | Reached skill level 1 in Long Blades
  1169 | D:2      | Reached skill level 1 in Maces & Flails
  1169 | D:2      | Reached skill level 1 in Polearms
  1169 | D:2      | Reached skill level 1 in Staves
  1169 | D:2      | Reached skill level 1 in Slings
  1169 | D:2      | Reached skill level 1 in Bows
  1169 | D:2      | Reached skill level 1 in Crossbows
  1169 | D:2      | Reached skill level 1 in Armour
  1169 | D:2      | Reached skill level 1 in Stealth
  1169 | D:2      | Reached skill level 1 in Shields
  1169 | D:2      | Reached skill level 1 in Unarmed Combat
  1169 | D:2      | Reached skill level 1 in Spellcasting
  1169 | D:2      | Reached skill level 1 in Evocations
  1169 | D:2      | Reached XP level 4. HP: 33/38 MP: 5/5
  1254 | D:2      | Found a faded altar of an unknown god.
  1268 | D:2      | Became a worshipper of Sif Muna the Loreminder
  1268 | D:2      | Reached * piety under Sif Muna
  1815 | D:3      | Reached skill level 1 in Conjurations
  1815 | D:3      | Reached skill level 1 in Hexes
  1815 | D:3      | Reached skill level 1 in Charms
  1815 | D:3      | Reached skill level 1 in Summonings
  1815 | D:3      | Reached skill level 1 in Necromancy
  1815 | D:3      | Reached skill level 1 in Translocations
  1815 | D:3      | Reached skill level 1 in Transmutations
  1815 | D:3      | Reached skill level 1 in Fire Magic
  1815 | D:3      | Reached skill level 1 in Ice Magic
  1815 | D:3      | Reached skill level 1 in Air Magic
  1815 | D:3      | Reached skill level 1 in Earth Magic
  1815 | D:3      | Reached skill level 1 in Poison Magic
  2017 | D:3      | Reached XP level 5. HP: 37/43 MP: 6/6
  2088 | D:3      | Found a shimmering altar of Xom.
  2372 | D:3      | Found a glowing silver altar of Zin.
  2573 | D:3      | Reached ** piety under Sif Muna
  2573 | D:3      | Reached XP level 6. HP: 48/50 MP: 8/8
  2670 | D:3      | Splashed by a crimson imp's acid

Skill      XL: |  1  2  3  4  5 |
---------------+----------------+-----
Invocations    | 1 2 |  2.0
Short Blades   | 1 |  1.7
Long Blades    | 1 |  1.7
Maces & Flails | 1 |  1.7
Polearms       | 1 |  1.7
Staves         | 1 |  1.7
Slings         | 1 |  1.7
Bows           | 1 |  1.7
Crossbows      | 1 |  1.7
Armour         | 1 |  1.7
Stealth        | 1 |  1.7
Shields        | 1 |  1.7
Unarmed Combat | 1 |  1.7
Spellcasting   | 1 |  1.7
Evocations     | 1 |  1.7
Conjurations   | 1 |  1.3
Hexes          | 1 |  1.3
Charms         | 1 |  1.3
Summonings     | 1 |  1.3
Necromancy     | 1 |  1.3
Translocations | 1 |  1.3
Transmutations | 1 |  1.3
Fire Magic     | 1 |  1.3
Ice Magic      | 1 |  1.3
Air Magic      | 1 |  1.3
Earth Magic    | 1 |  1.3
Poison Magic   | 1 |  1.3
Fighting       | |  4.9
Axes           | |  6.7
Throwing       | |  4.9
Dodging        | |  6.7

Action                   |  1- 3 |  4- 6 || total
-------------------------+-------+-------++-------
Melee: War axe           |    75 |   148 ||   223
       Bite              |     6 |    21 ||    27
 Stab: Sleeping          |     3 |     3 ||     6
       Distracted        |       |     1 ||     1
  Eat: Chunk             |     1 |     4 ||     5
Armor: Leather armour    |    10 |    27 ||    37
       Ring mail         |       |     9 ||     9
Dodge: Dodged            |    64 |    75 ||   139
Block: Shield            |       |    38 ||    38

Vault maps used:
D:1:      tarquinn_simple_flora_water_e, tso_metal_star
D:2:      minmay_door_path, bloody_trog, chequers_ecumenical_altar_simple
D:3:      marbit_many_paths, led_xom_imps
